 Dungeon Crawl Stone Soup version 0.31-a0-219-g8d62b2e7bb (webtiles) character file.

Game seed: 2706685450895417394

3025 senseless the Covert (level 9, -17/57 HPs)
             Began as an Octopode Hunter on July 3, 2023.
             Was a Priest of Hepliaklqana.
             Demolished by an orc knight
             ... wielding a +0 halberd
              (19 damage)
             ... in a bailey.
             The game lasted 00:16:54 (5295 turns).

senseless the Covert (Octopode Hunter)              Turns: 5295, Time: 00:16:56

Health: -17/57     AC:  1    Str: 10    XL:     9   Next: 85%
Magic:  9/9        EV: 17    Int: 11    God:    Hepliaklqana [***...]
Gold:   279        SH:  0    Dex: 20    Spells: 8/8 levels left

rFire   . . .        a - +1 longbow
rCold   . . .        (shield currently unavailable)
rNeg    . . .        (helmet restricted)
rPois   .            (no amulet)
rElec   .            d - ring of flight
rCorr   .            r - +4 ring of slaying
SInv    .            (no ring)
Will    .....        (no ring)
Stlth   ++++++       (no ring)
HPRegen 0.29/turn    (no ring)
MPRegen 0.11/turn    (no ring)
                     (no ring)

%: no passive effects
@: flying
A: reduced essence, almost no armour, amphibious, 8 rings, camouflage 1,
gelatinous body 1, (nimble swimmer 1), tentacles
a: Renounce Religion, Recall Ancestor, Ancestor Identity, Transference


You were in a bailey.
You worshipped Hepliaklqana.
Hepliaklqana was most pleased with you.
You visited 2 branches of the dungeon, and saw 8 of its levels.
You also visited: Bailey.

You collected 279 gold pieces.

Inventory:

Hand Weapons
 a - a +1 longbow (weapon)
 b - a +2 dagger of electrocution
 h - a +5 halberd of electrocution
 x - a +2 whip of electrocution
Jewellery
 d - a ring of flight (left tentacle)
 r - a +4 ring of slaying (right tentacle)
Wands
 o - a wand of digging (5)
 q - a wand of iceblast (11)
 t - a wand of quicksilver (2)
Scrolls
 c - a scroll of enchant armour
 i - a scroll of butterflies
 m - a scroll of poison
 n - 2 scrolls of teleportation
 A - a scroll of amnesia
Potions
 e - a potion of cancellation {unknown}
 f - 2 potions of ambrosia
 g - a potion of brilliance
 k - 2 potions of magic
 l - a potion of haste
 u - a potion of might
 z - 2 potions of resistance {unknown}
 B - a potion of invisibility {unknown}


   Skills:
 + Level 7.0 Fighting
 + Level 7.9 Ranged Weapons
 + Level 6.9 Dodging
 + Level 9.5 Stealth


You had 8 spell levels left.
You didn't know any spells.
Your spell library contained the following spells:

 Spells                   Type           Power      Damage    Failure   Level
 Ensorcelled Hibernation  Hex/Ice        0%         N/A       47%         2
 Passwall                 Tmut/Erth      0%         N/A       47%         2
 Swiftness                Air            0%         N/A       71%         3


Dungeon Overview and Level Annotations

Branches:
Dungeon (7/15)             Temple (1/1) D:5          Bailey (1/1)

Altars:
Ashenzari
Cheibriados
Elyvilon
Fedhas
Gozag
Hepliaklqana
Makhleb
Qazlal
Ru
Trog
Wu Jian
Xom
Zin
The Shining One

Shops:
D:6 *

Annotations:
D:6 2 transporters, KimchiStew's ghost, novice NaTm


Innate Abilities, Weirdness & Mutations

Your life essence is reduced to manifest your ancestor. (-10% HP)
You cannot wear most types of armour.
You are amphibious.
You can wear up to eight rings at the same time.
Your skin changes colour to match your surroundings (Stealth+).
Your rubbery body absorbs attacks. (AC +1, EV +1)
((You are camouflaged when in or above water. (Stealth+)))
You have tentacles for arms and can constrict up to eight enemies at once.


Message History

You shoot an arrow.
The arrow hits the orc but does no damage.
The orc is moderately wounded.
The orc hits you from afar with a +0 trident.
The orc closely misses you.
You shoot an arrow. The arrow hits the orc!
You kill the orc!
No target in view!
You swap places.
You reach down and open the door.
There is an open door here.
You reach down and open the door.
There is an open door here.
You reach down and open the door.
An orc knight and 2 gnolls come into view.
A gnoll is wielding a +1 halberd of draining.
A gnoll is wielding a +3 halberd of electrocution.
Nefertari gestures at the gnoll while chanting.
The gnoll resists with significant effort.
Found four items.
You shoot an arrow. The arrow hits the orc knight!!
The orc knight shouts!
The orc knight is moderately wounded.
The gnoll shouts!
You shoot an arrow. The arrow hits the orc knight!!
The orc knight is severely wounded.
The orc knight hits you from afar with a +0 halberd!
You shoot an arrow. The arrow hits the orc knight.
The orc knight is severely wounded.
The orc knight barely misses you.
You shoot an arrow.
The arrow closely misses the orc knight.
The orc knight hits you from afar with a +0 halberd!
You shoot an arrow.
The arrow hits the orc knight but does no damage.
The orc knight is severely wounded.
The orc knight hits you from afar with a +0 halberd!!
Ouch! That really hurt!
* * * LOW HITPOINT WARNING * * *
The orc knight hits you from afar with a +0 halberd!!
You die...

#)###.###.#g#
##'##'##'###+
+##+
##.....##
!.!#
#.....###
!.!.#
+..⌠..')#
.⌠.!+
#.....###
g!.! #.....##


#og #)##+##'###'# #.# ##.R@# ## ##### You could see the friendly Nefertari the
hexer, an orc knight and 2 gnolls.

Vanquished Creatures
  Pikel (D:6)
  Maggie (D:6)
  Grinder (D:6)
  A water moccasin (D:5)
  An ice beast (D:5)
  A sky beast (D:6)
  A black bear (D:6)
  An ogre (D:6)
  A phantom (D:3)
  A lemure (D:6)
  A scorpion (D:5)
  A jelly (D:5)
  3 hounds
  3 orc priests
  Crazy Yiuf (D:4)
  Ijyb (D:5)
  Jessica (D:2)
  5 iguanas
  A sleepcap (D:6)
  2 orc wizards
  Robin (D:2)
  3 adders
  11 gnolls
  A shadow imp (D:5)
  A white imp (D:5)
  2 worms
  3 dart slugs
  13 orcs
  3 ball pythons
  4 endoplasms
  4 giant cockroaches
  19 goblins
  6 hobgoblins
  7 jackals (D:3)
  3 quokkas
  6 bats
  4 frilled lizards
  9 kobolds
  4 rats
133 creatures vanquished.

Vanquished Creatures (collateral kills)
  Sigmund (D:6)
  Eustachio (D:4)
  A water moccasin (D:4)
  A black bear (D:4)
  An ogre (D:4)
  Blork the orc (D:4)
  A hound (D:4)
  A gnoll bouda (D:6)
  An orc wizard (D:5)
  2 gnolls (D:4)
  An adder (D:5)
  A worm (D:3)
  2 orcs
  A ball python (D:4)
  An endoplasm (D:4)
  2 goblins (D:2)
  A hobgoblin (D:4)
  A quokka (D:4)
21 creatures vanquished.

Vanquished Creatures (others)
  5 hexers
  An ancestor (D:2)
6 creatures vanquished.

Grand Total: 160 creatures vanquished

Notes
Turn   | Place    | Note
-------+----------+-------------------------------------------
     0 | D:1      | senseless the Octopode Hunter began the quest for the Orb.
     0 | D:1      | Reached XP level 1. HP: 14/14 MP: 1/1
    52 | D:1      | Reached XP level 2. HP: 19/19 MP: 2/2
    86 | D:1      | Reached skill level 2 in Stealth
   129 | D:1      | You are sucked into a shaft and drop 1 floor!
   158 | D:2      | Found a faded altar of an unknown god.
   198 | D:2      | Prayed at the altar of an unknown god.
   198 | D:2      | Became a worshipper of Hepliaklqana the Forgotten
   198 | D:2      | Reached * piety under Hepliaklqana
   277 | D:2      | Noticed Jessica
   280 | D:2      | Killed Jessica
   281 | D:2      | Reached XP level 3. HP: 22/22 MP: 3/3
   291 | D:2      | Noticed Robin
   314 | D:2      | Reached XP level 4. HP: 22/27 MP: 4/4
   327 | D:2      | Killed Robin
   328 | D:2      | Reached skill level 3 in Stealth
   924 | D:3      | Noticed a phantom
   932 | D:3      | Killed a phantom
   933 | D:3      | Reached XP level 5. HP: 32/32 MP: 5/5
  1007 | D:3      | Reached ** piety under Hepliaklqana
  1008 | D:3      | Remembered your ancestor Nefertari as a hexer
  1055 | D:3      | Reached skill level 4 in Stealth
  1089 | D:3      | Found a broken altar of Ashenzari.
  1470 | D:4      | Reached XP level 6. HP: 37/37 MP: 6/6
  1471 | D:4      | Reached skill level 5 in Ranged Weapons
  1531 | D:4      | Found a white marble altar of Elyvilon.
  1648 | D:4      | Noticed Blork the orc
  1652 | D:4      | Killed Blork the orc
  1653 | D:4      | Noticed Eustachio
  1660 | D:4      | Killed Eustachio
  1661 | D:4      | Reached skill level 5 in Stealth
  1661 | D:4      | Reached XP level 7. HP: 40/43 MP: 7/7
  1994 | D:4      | Found a sacrificial altar of Ru.
  2058 | D:4      | Reached skill level 6 in Stealth
  2076 | D:4      | Reached XP level 8. HP: 48/48 MP: 8/8
  2153 | D:4      | Found a runed translucent door.
  2154 | D:4      | Noticed Crazy Yiuf
  2163 | D:4      | Killed Crazy Yiuf
  2367 | D:5      | Entered Level 5 of the Dungeon
  2511 | D:5      | Reached skill level 5 in Fighting
  2511 | D:5      | Reached skill level 5 in Dodging
  2517 | D:5      | Found a staircase to the Ecumenical Temple.
  2551 | D:5      | Reached *** piety under Hepliaklqana
  2599 | Temple   | Entered the Ecumenical Temple
  2898 | D:5      | Noticed Ijyb
  2899 | D:5      | Reached skill level 7 in Stealth
  2919 | D:5      | Killed Ijyb
  3509 | D:6      | Noticed Sigmund
  3518 | D:6      | Killed Sigmund
  3524 | D:6      | Noticed Pikel
  3531 | D:5      | Reached skill level 8 in Stealth
  3531 | D:5      | Reached XP level 9. HP: 49/55 MP: 9/9
  3760 | D:6      | Noticed Maggie
  4091 | D:6      | Found an opulent altar of Gozag.
  4129 | D:6      | Killed Pikel
  4294 | D:6      | Found an ornate altar of the Wu Jian Council.
  4309 | D:6      | Killed Maggie
  4310 | D:6      | Reached skill level 9 in Stealth
  4445 | D:6      | Found Igheb's Fire Supplies.
  4547 | D:6      | Found a transporter.
  4550 | D:6      | Noticed KimchiStew's ghost (novice NaTm)
  4551 | D:6      | Found a transporter.
  4629 | D:6      | Noticed Grinder
  4634 | D:6      | Killed Grinder
  4646 | D:6      | Found a bloodstained altar of Trog.
  5129 | D:7      | Found a flagged portal.
  5141 | Bailey   | Entered a bailey
  5290 | Bailey   | Noticed an orc knight
  5295 | Bailey   | HP: 2/57 [orc knight/+0 halberd (29)]
  5295 | Bailey   | Demolished by an orc knight

Illustrated notes

Levels and vault maps discovered:
D:1:      roderic_dead_forest, layout_basic
D:2:      layout_basic, dreamdust_ecumenical_altar_sealed_demon,
          chequers_big_river, uniq_robin, uniq_jessica
D:3:      layout_basic, mainiacjoe_overflow_24_doors,
          ebering_ghost_reflecting_pool
D:4:      layout_rooms, elyvilon_altar_5, mainiacjoe_overflow_alcove_4,
          kennysheep_potato, uniq_eustachio, uniq_crazy_yiuf_cottage,
          uniq_blork_the_orc
D:5:      layout_basic, minmay_temple_entry_statues_pillars, uniq_ijyb
D:6:      layout_basic, marbit_many_paths, lemuel_tele_altar,
          general_overflow_altar, gammafunk_ghost_hive, nicolae_shop_fire_sale
          [nicolae_sub_dead_trees], chequers_serial_rivers_small_b, uniq_maggie,
          uniq_grinder, uniq_pikel, uniq_sigmund
D:7:      layout_basic, grunt_temple_overflow_magic_moments,
          mainiacjoe_overflow_cross_hatched, enter_bailey_3
Temple:   nicolae_temple_great_sept
Bailey:   bailey_polearm_nasty_gnolls, bailey

Skill      XL: |  1  2  3  4  5  6  7  8  9 |
---------------+----------------------------+-----
Stealth        | 2 3 4 5 6 8 9 |  9.5
Fighting       | 3 4 5 7 |  7.0
Dodging        | 3 4 5 6 |  6.9
Ranged Weapons | 5 7 |  7.9

Action                     |  1- 3 |  4- 6 |  7- 9 || total
---------------------------+-------+-------+-------++-------
   Fire: Shortbow          |    65 |   161 |    49 ||   275
         Longbow           |       |       |   155 ||   155
 Invoke: Ancestor Identity |     1 |       |       ||     1
         Ancestor Life: He |       |     1 |       ||     1
         Recall Ancestor   |       |       |     1 ||     1
    Use: Scroll            |       |       |    16 ||    16
         Potion            |       |       |     2 ||     2
 Armour: Skin              |     2 |     5 |     2 ||     9
  Dodge: Dodged            |    10 |    37 |    71 ||   118

Table legend: (Time is in decaauts)
 A = Elapsed time spent in this place.
 B = Non-inter-level travel time spent in this place.
 C = Inter-level travel time spent in this place.
 D = Time resting spent in this place.
 E = Time spent auto-exploring this place.
 F = Levels seen in this place.
 G = Mean time per level.
                   A        B        C        D        E       F      G
               +--------+--------+--------+--------+--------+-----+--------+
         Total |   5392 |   5050 |    342 |    717 |   3433 |   9 |  599.1 |
       Dungeon |   5146 |   4814 |    332 |    717 |   3256 |   7 |  735.1 |
        Temple |     84 |     74 |     10 |      0 |     66 |   1 |   84.0 |
        Bailey |    161 |    161 |      0 |      0 |    111 |   1 |  161.0 |
               +--------+--------+--------+--------+--------+-----+--------+

Top non-repeatable levels by time:
     D:5: 1611 daAuts
     D:6: 1075 daAuts
     D:4: 914 daAuts
     D:2: 849 daAuts
     D:3: 509 daAuts
  Bailey: 161 daAuts
     D:1: 134 daAuts
  Temple: 84 daAuts
     D:7: 51 daAuts
